Map: Prion Terraces

Players

LilDicky - Winner!

  • Race: Zerg Zerg
  • League: Diamond

Shawnderbot

  • Race: Terran Terran
  • League: Platinum

VOD

http://www.twitch.tv/tumescentpie

Description

Time

  • Played on: Dec. 6, 2015, 1:22 p.m.
  • Length: 10:01
Show
View Real Time Build Order
Export as new Build Order

LilDicky Zerg - Winner!

Build Orders: Hatch First 

Get SALT Encoding   

  12  0:03  Drone  
  13  0:12  Drone  
  14  0:27  Extractor  
  13  0:29  Extractor  
  13  0:30  Drone x2  
  16  0:46  Hatchery  
  15  1:01  Spawning Pool  
  14  1:05  Overlord  
  14  1:21  Drone, Extractor  
  14  1:23  Drone  
  14  1:24  Drone  
  16  1:44  Drone  
  16  1:45  Drone  
  18  1:50  Queen  
  20  1:57  Queen  
  20  2:00  Drone  
  20  2:01  Drone  
  24  2:18  Drone x2  
  24  2:19  Drone  
  24  2:20  Overlord  
  27  2:36  Metabolic Boost  
  27  2:48  Drone x5  
  32  2:56  Evolution Chamber  
  31  3:03  Zergling x10  
  36  3:19  Overlord  
  36  3:20  Overlord  
  36  3:30  Overlord  
  36  3:37  Queen  
  36  3:38  Extractor  
  37  3:42  Lair, Baneling Nest  
  35  4:16  Zergling x2  
  36  4:17  Zergling x22  
  47  4:31  Burrow  
  42  5:39  Zergling x10  
  42  5:40  Zergling x2  
  43  5:56  Spire  
  41  6:02  Drone  
  41  6:03  Drone x4, Spine Crawler x2  
  44  6:05  Spine Crawler  
  43  6:23  Extractor x2  
  43  6:24  Drone x3  
  40  6:53  Zergling x2  
  40  6:54  Zergling x14  
  44  7:10  Overlord  
  44  7:12  Overlord x3  
  42  7:34  Drone x2  
  42  7:36  Drone x3  
  42  7:37  Drone x4  
  49  8:15  Mutalisk x9  
  67  8:30  Mutalisk  
  69  8:48  Baneling x6  
  65  8:50  Mutalisk  
  67  8:59  Zergling x14  
  74  9:25  Hatchery  
  74  9:30  Extractor  
  72  9:35  Extractor  
Show
View Real Time Build Order
Export as new Build Order

Shawnderbot Terran 

Build Orders:  

Get SALT Encoding   

  12  0:01  SCV  
  13  0:13  SCV  
  14  0:20  Supply Depot  
  14  0:25  SCV  
  15  0:42  SCV  
  16  0:46  Barracks  
  16  0:50  Refinery  
  16  0:54  SCV  
  17  1:06  SCV  
  18  1:18  SCV  
  19  1:30  SCV  
  20  1:34  Supply Depot  
  20  1:36  Reaper  
  21  1:42  Orbital Command  
  21  1:56  Command Center  
  21  2:08  Reaper  
  22  2:10  SCV  
  22  2:14  Refinery  
  23  2:30  Barracks  
  23  2:33  Factory  
  23  2:36  SCV  
  24  2:48  SCV  
  25  2:54  Barracks Reactor  
  25  3:00  SCV  
  26  3:12  SCV  
  27  3:19  Orbital Command  
  27  3:24  SCV  
  28  3:35  Engineering Bay, Barracks  
  28  3:36  SCV  
  28  3:38  Hellion x2  
  33  3:43  Barracks Tech Lab  
  33  3:48  Supply Depot, SCV  
  34  4:00  SCV  
  34  4:07  SCV  
  34  4:09  Hellion x2  
  39  4:13  SCV  
  39  4:19  SCV  
  39  4:20  Terran Infantry Weapons Level 1  
  39  4:22  Barracks Reactor  
  39  4:23  Barracks Tech Lab  
  40  4:25  SCV  
  40  4:27  Supply Depot  
  40  4:31  SCV  
  42  4:32  Hellion x2  
  42  4:34  Marauder  
  42  4:37  SCV  
  49  4:45  SCV, Starport  
  50  4:49  SCV  
  50  4:51  Refinery  
  50  4:52  Refinery  
  51  4:53  Hellion x2  
  51  4:57  SCV  
  57  5:01  Marine, Marauder x2  
  57  5:02  Marine  
  62  5:20  SCV  
  62  5:21  SCV  
  43  5:52  Viking  
  43  5:54  SCV, Hellion x2  
  43  5:55  SCV  
  50  6:10  SCV x2  
  52  6:22  SCV  
  52  6:23  SCV  
  54  6:34  SCV  
  54  6:35  SCV  
  52  6:57  SCV x2  
  46  7:27  SCV  
  46  7:28  SCV  
  48  7:36  Marine x2  
  52  7:37  Marauder x2  
  52  7:40  SCV x2  
  56  7:52  Command Center, SCV x2  
  56  8:09  SCV x2  
  58  8:21  SCV x2  
  58  8:22  Marine x2  
  61  8:49  SCV  
  62  8:59  Marauder  
  62  9:00  Marauder  
  62  9:04  SCV x2  
  56  9:10  Marine x2  
  56  9:16  SCV x2  
  56  9:22  Marine x2  
  64  9:28  SCV x2, Marine x2  
  68  9:32  Supply Depot  
  62  9:40  SCV, Marine x2  
Tags
 
Add a new tag
Caveats
  • Supply blocks, unpowered buildings, or Contaminate may cause inaccurate times.
  • Supply counts are checked every 10 seconds.